 Dungeon Crawl Stone Soup version 0.31.0-32-g396128a36d (webtiles) character file.

Game seed: 3754691918210623723

241 spaghetti the Covert (level 6, -1/56 HPs)
             Began as a Naga Chaos Knight on Mar 9, 2024.
             Was a Plaything of Xom.
             Slain by a goblin
             ... wielding a +0 club
             ... led by Robin
              (3 damage)
             ... on level 4 of the Dungeon.
             The game lasted 00:03:05 (2158 turns).

spaghetti the Covert (Naga Chaos Knight)            Turns: 2158, Time: 00:03:06

Health: -1/56      AC:  5    Str: 14    XL:     6   Next: 8%
Magic:  0/6        EV:  9    Int: 14    God:    Xom [....*.]
Gold:   188        SH:  0    Dex: 11    Spells: 5/5 levels left

rFire   . . .        a - +0 short sword (chaos)
rCold   . . .        (no shield)
rNeg    . . .        b - +2 leather armour
rPois   +            (no helmet)
rElec   .            (no cloak)
rCorr   .            (no gloves)
SInv    +            (no barding)
Will    .....        c - amulet of guardian spirit
Stlth   ++++         (no ring)
HPRegen 0.29/turn    (no ring)
MPRegen 0.10/turn

%: guardian spirit
@: studying Staves, very slow
A: AC +2, large, see invisible, deformed body, poison resistance, slowness 2,
spit poison 1, naga tail 1
a: Spit Poison, Renounce Religion


You were on level 4 of the Dungeon.
You worshipped Xom.
You were a beloved toy of Xom.
You visited 1 branch of the dungeon, and saw 4 of its levels.

You collected 188 gold pieces.

Inventory:

Hand Weapons
 a - a +0 short sword of chaos (weapon)
Armour
 b - a +2 leather armour (worn)
Jewellery
 c - an amulet of guardian spirit (around neck)
 f - a ring of ice
Scrolls
 d - 4 scrolls of identify


   Skills:
 - Level 3.0 Fighting
 - Level 3.0 Short Blades
 - Level 1.5 Armour
 - Level 0.7 Dodging
 + Level 9.1 Stealth


You had 5 spell levels left.
You didn't know any spells.
Your spell library contained the following spells:

 Spells                   Type           Power      Damage    Failure   Level
 Ensorcelled Hibernation  Hex/Ice        0%         N/A       47%         2
 Passwall                 Erth           0%         N/A       71%         3
 Swiftness                Air            0%         N/A       71%         3


Dungeon Overview and Level Annotations

Branches:
Dungeon (4/15)
 Temple: D:4-7

Altars:

Annotations:
D:3 Grinder, Robin


Innate Abilities, Weirdness & Mutations

Your serpentine skin is tough. (AC +2)
You have supernaturally acute eyesight. (SInv)
Armour fits poorly on your strangely shaped body.
Your system is resistant to poisons. (rPois)
You cover ground very slowly.
You can spit poison.
You have a snake-like lower body.


Message History

Unknown command.
The goblin barely misses you. The goblin attacks as it pursues you!
The goblin hits you but does no damage. The goblin barely misses you.
The goblin closely misses you. The goblin hits you but does no damage.
There is a stone staircase leading down here.
The goblin hits you but does no damage. Robin throws the goblin at you!
The goblin closely misses you.
You climb downwards.
The hobgoblin shouts! x2; You hear a shout!
The orc wizard shouts!
The goblin shouts!
Found 10 gold pieces and a scroll of teleportation.
Found a stone staircase leading down.
There is a stone staircase leading up here.
Unknown command.
Unknown command.
Unknown command.
Okay, then.
You aren't carrying any potions.
Unknown command.
You aren't carrying any items that you can evoke.
An orc wizard and an orc priest come into view.
The orc priest shouts!
The goblin attacks as it pursues you! The goblin barely misses you. x2
An adder comes into view.
The orc wizard gestures wildly while chanting.
The orc wizard flickers and vanishes for a moment.
The goblin hits you but does no damage.
Unknown command.
A goblin comes into view. It is wielding a +0 club.
Found a stone staircase leading up.
The goblin attacks as it pursues you! The goblin hits you but does no damage.
The hobgoblin hits you.
* * * LOW HITPOINT WARNING * * *
The goblin hits you with a +0 club.
* * * LOW HITPOINT WARNING * * *
Unknown command.
The goblin attacks as it pursues you! The goblin closely misses you.
The goblin attacks as it pursues you! The goblin hits you with a +0 club.
You die...
Xom roars with laughter!

####.###g#
#.........
.......... .
###.?....... ..#
#...........
..S##.#....>....
.o.o...g........ o
###..g@.......
....#....gg$......
...g...<#.g.......
....#............#
..~~~~~~~........#
~~~≈≈≈≈≈~~~~....<#
≈≈≈≈≈≈≈≈≈≈≈~~~...#
≈≈≈~~~~~≈≈≈≈≈~~~##
~~~~#..~~~~≈≈≈≈~


You could see an orc priest, an orc wizard (invisible), an adder, 2 hobgoblins
and 5 goblins.

Vanquished Creatures
  Sigmund (D:2)
  4 adders (D:2)
  A dart slug (D:1)
  An orc (D:3)
  4 ball pythons
  2 endoplasms
  A giant cockroach (D:2)
  5 hobgoblins
  3 jackals
  3 kobolds
  2 quokkas
  6 bats
  5 frilled lizards
  8 goblins
  A rat (D:2)
47 creatures vanquished.

Notes
Turn   | Place    | Note
-------+----------+-------------------------------------------
     0 | D:1      | spaghetti the Naga Chaos Knight began the quest for the
                  | Orb.
     0 | D:1      | Reached XP level 1. HP: 21/21 MP: 1/1
   143 | D:1      | XOM: smoke on damage
   149 | D:1      | Reached skill level 1 in Stealth
   169 | D:1      | XOM: silly message
   212 | D:1      | Reached skill level 2 in Stealth
   220 | D:1      | Reached XP level 2. HP: 28/28 MP: 2/2
   258 | D:1      | Reached skill level 3 in Stealth
   407 | D:1      | XOM: torment (15/28 hp)
   496 | D:1      | Found a faded altar of an unknown god.
   782 | D:2      | Reached skill level 4 in Stealth
   782 | D:2      | Reached XP level 3. HP: 34/34 MP: 3/3
   991 | D:2      | Reached skill level 5 in Stealth
  1286 | D:2      | Noticed Sigmund
  1296 | D:2      | XOM: scenery: 1 doors open, 1 doors close
  1300 | D:2      | Killed Sigmund
  1301 | D:2      | Reached skill level 8 in Stealth
  1301 | D:2      | Reached XP level 4. HP: 35/42 MP: 4/4
  1301 | D:2      | Reached XP level 5. HP: 41/49 MP: 5/5
  1341 | D:2      | XOM: 2-stop teleportation journey
  1483 | D:2      | Reached XP level 6. HP: 56/56 MP: 6/6
  1741 | D:3      | Noticed Robin
  1745 | D:2      | Reached skill level 9 in Stealth
  1857 | D:3      | Noticed Grinder
  1860 | D:3      | XOM: divination: detect items
  1879 | D:3      | Paralysed by Grinder for 3 turns
  1880 | D:3      | XOM: potion effect (heal wounds)
  1902 | D:3      | Paralysed by Grinder for 2 turns
  1915 | D:3      | XOM: cast spell 'Olgreb's Toxic Radiance'
  2087 | D:2      | XOM: god gift: manual of Staves
  2151 | D:3      | Xom revived you
  2157 | D:4      | HP: 2/56 [goblin/+0 club[Robin] (2)]
  2158 | D:4      | Slain by a goblin

Illustrated notes

Levels and vault maps discovered:
D:1:      eino_arrival_cavern_a, layout_basic, basic_ecumenical_altar
D:2:      layout_basic, uniq_sigmund
D:3:      layout_rooms, minmay_misc_feat_pillars, minivault_14, uniq_grinder,
          uniq_robin
D:4:      wander_river, layout_rooms, dreamdust_princess_corridor

Skill      XL: |  1  2  3  4  5  6 |
---------------+-------------------+-----
Stealth        | 2 4 8 9 |  9.1
Fighting       | |  3.0
Short Blades   | |  3.0
Armour         | |  1.5
Dodging        | |  0.7

Action                     |  1- 3 |  4- 6 || total
---------------------------+-------+-------++-------
  Melee: Short sword       |    97 |    79 ||   176
Ability: Spit Poison       |     4 |     5 ||     9
    Use: Scroll            |     3 |     3 ||     6
         Potion            |     1 |       ||     1
   Stab: Sleeping          |     9 |     3 ||    12
         Invisible         |     2 |       ||     2
         Distracted        |     1 |       ||     1
 Armour: Leather armour    |    45 |   127 ||   172
  Dodge: Dodged            |    39 |    78 ||   117
